 Dungeon Crawl Stone Soup version 0.24-a0-447-ge8da9206dc (webtiles) character file.

Game seed: 7106691716281731283

74 chigibop the Skirmisher (level 4, -1/34 HPs)
             Began as an Octopode Chaos Knight on June 25, 2019.
             Was a Plaything of Xom.
             Shot with an arrow by a centaur (12 damage)
             ... on level 3 of the Dungeon.
             The game lasted 00:03:01 (2069 turns).

chigibop the Skirmisher (Octopode Chaos Knight)     Turns: 2069, Time: 00:03:02

Health: -1/34      AC:  1    Str: 11    XL:     4   Next: 30%
Magic:  13/13      EV: 14    Int: 14    God:    Xom [..*...]
Gold:   77         SH:  0    Dex: 12    Spells: 3/3 levels left

rFire    . . .     SeeInvis .   a - +0 short sword (chaos)
rCold    . . .     Gourm    .   (no shield)
rNeg     . . .     Faith    .   (helmet restricted)
rPois    .         Spirit   .   (no amulet)
rElec    .         Reflect  .   j - ring of magical power
rCorr    .         Harm     .   (no ring)
MR       .....                  (no ring)
Stlth    ++........             (no ring)
HPRegen  0.11/turn              (no ring)
MPRegen  0.13/turn              (no ring)
                                (no ring)
                                (no ring)

@: lethally poisoned (-1 -> -4)
A: almost no armour, stealthy swim, amphibious, 8 rings, constrict 8, camouflage
1, gelatinous body 1
a: Renounce Religion


You were on level 3 of the Dungeon.
You worshipped Xom.
You were a toy of Xom.
You were hungry.

You visited 1 branch of the dungeon, and saw 3 of its levels.

You collected 77 gold pieces.

Inventory:

Hand Weapons
 a - a +0 short sword of chaos (weapon)
 n - a cursed -1 hunting sling
 o - a +0 morningstar
 s - a cursed -2 hunting sling
 t - a +0 rapier
Missiles
 f - 96 stones (quivered)
Jewellery
 j - a ring of magical power (left tentacle)
 l - an uncursed ring of ice
Scrolls
 c - 2 scrolls of identify {unknown}
 k - a scroll of amnesia {unknown}
 m - a scroll of remove curse {unknown}
 r - a scroll of random uselessness {unknown}
Potions
 d - 2 potions of curing {unknown}
 e - 2 potions of degeneration {unknown}
 g - a potion of resistance {unknown}
 h - a potion of ambrosia {unknown}
 i - a potion of flight {unknown}
 p - a potion of heal wounds {unknown}
Comestibles
 b - 4 rations
 q - 2 chunks of flesh


   Skills:
 * Level 4.4 Fighting
 - Level 3.0 Short Blades
 + Level 3.3 Dodging


You had 3 spell levels left.
You didn't know any spells.
Your spell library was empty.

Dungeon Overview and Level Annotations

Branches:
Dungeon (3/15)

Altars:
Nemelex Xobeh
Qazlal

Annotations:
D:3 Robin


Innate Abilities, Weirdness & Mutations

You cannot wear most types of armour.
You are very stealthy in the water. (Stealth+)
You are amphibious.
You can wear up to eight rings at the same time.
You can use your tentacles to constrict eight enemies at once.
Your skin changes colour to match your surroundings (Stealth+).
Your rubbery body absorbs attacks. (AC +1, EV +1)


Message History

The bat misses you.
A centaur comes into view.
An ooze comes into view.
The bat hits you but does no damage. The adder bites you.
You are poisoned.
The adder poisons you!
Things that are here:
a +0 club; a hobgoblin corpse
Okay, then.
You feel sick. The bat misses you.
There is a sparkling altar of Nemelex Xobeh, spattered with blood here.
The bat completely misses you. The adder closely misses you.
You feel sick. The bat completely misses you.
The centaur wields a +0 shortbow.
The centaur shoots an arrow.
The arrow hits you!
The ooze quivers.
You see here an arrow.
The bat closely misses you.
You feel sick. The bat completely misses you.
The centaur shoots an arrow.
The arrow hits you!
You die...
Xom howls with laughter!

##############.... ###
#..# #######..#...
...####..###.........#..
............####.....#.
###.####..#### ##.....#
##.....##..# #.....#
#.......#..# #######
#.#....c.b#..#
#....)_J(.@.##
#.#......S#.#
#.......#.# ##$....##..
###.####... .... ..<..
#..## .#.### #.# .# ..


You could see a centaur, an ooze, an adder and a bat.

Vanquished Creatures
  A gnoll (D:2)
  An ooze (D:1)
  2 worms (D:2)
  A leopard gecko (D:2)
  A ball python (D:2)
  5 giant cockroaches
  10 goblins
  4 hobgoblins
  4 jackals (D:2)
  6 bats
  4 frilled lizards
  6 kobolds
  3 rats (D:1)
48 creatures vanquished.

Notes
Turn   | Place    | Note
-------+----------+-------------------------------------------
     0 | D:1      | chigibop the Octopode Chaos Knight began the quest for the
                  | Orb.
     0 | D:1      | Reached XP level 1. HP: 16/16 MP: 1/1
    58 | D:1      | XOM: harmless Pois miscast
    81 | D:1      | Reached XP level 2. HP: 14/21 MP: 2/2
   567 | D:1      | XOM: silly message
   631 | D:1      | XOM: divination: detect creatures
   858 | D:1      | Reached XP level 3. HP: 27/27 MP: 3/3
  1189 | D:2      | Reached skill level 4 in Fighting
  1394 | D:2      | Reached XP level 4. HP: 11/33 MP: 4/4
  1548 | D:2      | XOM: silly message
  1855 | D:2      | Found a stormy altar of Qazlal.
  1937 | D:2      | XOM: harmless Air miscast
  2005 | D:3      | Noticed Robin
  2055 | D:3      | Found a sparkling altar of Nemelex Xobeh.
  2063 | D:3      | Noticed a centaur
  2069 | D:3      | Shot with an arrow by a centaur

Levels and vault maps discovered:
D:1:      lightli_iron_boxes, layout_rooms, grunt_decor_arrowhead,
          minmay_misc_feat_alley, hangedman_decor_push, minmay_pentomino_z2
D:2:      minmay_general_purpose_star, layout_rooms, minivault_23,
          lemuel_tele_altar
D:3:      layout_loops_ring, lemuel_coloured_pillars_altar,
          nicolae_qazlal_general_emergency, lemuel_round_altar,
          old_standard_altar, gup_sewer_entry_bubbles, first_ration,
          hangedman_decor_slide_cut, uniq_robin

Skill      XL: |  1  2  3 |
---------------+----------+-----
Dodging        | 3 |  3.3
Fighting       | 4 |  4.4
Short Blades   | |  3.0

Action                   |  1- 3 |  4- 6 || total
-------------------------+-------+-------++-------
Melee: Short sword       |    78 |    18 ||    96
       Constrict         |    21 |     7 ||    28
       Tentacles         |    10 |       ||    10
 Stab: Sleeping          |     8 |       ||     8
       Distracted        |       |     1 ||     1
  Eat: Chunk             |     1 |     2 ||     3
Armor: Skin              |     7 |     2 ||     9
Dodge: Dodged            |    55 |    21 ||    76

Table legend:
 A = Non-vault XP
 B = Vault XP
 C = Vault XP percentage of total XP
 D = Non-vault monster count
 E = Vault monster count
 F = Vault count percentage of total count
                 A         B        C        D         E       F
            +---------+---------+-------+---------+---------+-------
      Total |      85 |      22 |  20.6 |      43 |       5 |  10.4
            +---------+---------+-------+---------+---------+-------
        D:1 |      34 |       1 |   2.9 |      19 |       1 |   5.0
        D:2 |      43 |      19 |  30.6 |      19 |       3 |  13.6
        D:3 |       8 |       2 |  20.0 |       5 |       1 |  16.7
            +---------+---------+-------+---------+---------+-------
